 Dungeon Crawl Stone Soup version 0.29.1-2-gbd0b4ee654 (webtiles) character file.

Game seed: 2764734585259055567

44 MisterFreud the Twirler (level 3, 0/27 HPs)
             Began as a Formicid Gladiator on Oct 23, 2022.
             Killed from afar by Jessica (22 damage)
             ... with a bolt of dispelling energy
             ... on level 2 of the Dungeon.
             The game lasted 00:01:37 (1905 turns).

MisterFreud the Twirler (Formicid Gladiator)        Turns: 1905, Time: 00:01:37

Health: 0/27       AC:  3    Str: 18    XL:     3   Next: 87%
Magic:  3/3        EV: 12    Int:  7    God:
Gold:   82         SH:  4    Dex: 15    Spells: 2/2 levels left

rFire   . . .      SeeInvis +   a - +0 quarterstaff
rCold   . . .      Faith    .   h - +0 buckler
rNeg    + + .      Spirit   .   b - +0 leather armour
rPois   .          Reflect  .   (helmet unavailable)
rElec   .          Harm     .   (no cloak)
rCorr   +          Rampage  .   (no gloves)
Will    .....                   (no boots)
Stlth   +.........              (no amulet)
HPRegen 0.09/turn               e - ring of Lih Nyix {rN++ rCorr Str-2}
MPRegen 0.08/turn               (no ring)

@: no status effects
A: permanent stasis, dig shafts and tunnels, antennae 3, four strong arms
a: Dig, Shaft Self


You were on level 2 of the Dungeon.
You visited 1 branch of the dungeon, and saw 2 of its levels.

You collected 82 gold pieces.

Inventory:

Hand Weapons
 a - a +0 quarterstaff (weapon)
Missiles
 c - 3 throwing nets (quivered)
 d - a javelin
 n - 3 poisoned darts
Armour
 b - a +0 leather armour (worn)
 h - a +0 buckler (worn)
Jewellery
 e - the ring of Lih Nyix (left hand) {rN++ rCorr Str-2}
   (You acquired it on level 1 of the Dungeon)

   [ring of resist corrosion]

   Str:       It affects your strength (-2).
   rN:        It greatly protects you from negative energy.
   rCorr:     It protects you from acid and corrosion.
Scrolls
 g - a scroll of teleportation {unknown}
 i - 2 scrolls of identify {unknown}
 l - a scroll of blinking {unknown}
 m - a scroll of fog {unknown}
Potions
 f - a potion of haste {unknown}
 j - a potion of cancellation {unknown}
 k - a potion of magic {unknown}


   Skills:
 - Level 2.1 Fighting
 + Level 4.1 Staves
 - Level 2.0 Throwing
 - Level 2.6 Dodging
 + Level 2.1 Shields


You had 2 spell levels left.
You didn't know any spells.
Your spell library was empty.

Dungeon Overview and Level Annotations

Branches:
Dungeon (2/15)

Altars:

Annotations:
D:2 Jessica


Innate Abilities, Weirdness & Mutations

You cannot be hasted, slowed, berserked, paralysed or teleported.
You can dig through walls and to a lower floor.
You have a pair of large antennae on your head. (SInv)
Your four strong arms can wield two-handed weapons with a shield.


Message History

The bat enters a dispersal trap!
The ball python blinks!
You feel a strange sense of stasis.
The bat blinks!
There are monsters nearby!
There are monsters nearby!
The ball python bites you but does no damage.
The ball python grabs you. The ball python constricts you.
The ball python closely misses you. The ball python constricts you.
You hit the ball python.
You kill the ball python!
There are monsters nearby!
You sock the bat!
You kill the bat!
The goblin enters a dispersal trap!
You feel a strange sense of stasis.
The goblin blinks!
There are monsters nearby!
Things that are here:
a scroll labelled PODIFEAMEWUAT; a bat corpse; a ball python corpse You hit the goblin.
You kill the goblin!
Jessica is nearby!
Jessica is nearby!
Found a quarterstaff.
The helpless Jessica fails to defend herself.
You hit Jessica but do no damage.
Jessica gestures wildly while chanting.
Jessica blinks!
You barely miss Jessica.
Jessica mumbles some strange words.
Jessica blinks!
Jessica enters a dispersal trap!
You feel a strange sense of stasis.
Jessica blinks!
Jessica completely misses you.
You hit Jessica.
Jessica is moderately wounded.
Jessica hits you with a +0 dagger.
You hit Jessica but do no damage.
Jessica is moderately wounded.
Jessica zaps a wand.
The bolt of dispelling energy hits you!!
Ouch! That really hurt!
You die...

....... .....). ..
....... ... . .......
.. . .....^. .#.###
.......######.#...#
...................
........@@.........
.........)?........
.....................
..........#.........#
#######...#.#######..
................#
#######.#######.#####.
#.######...#...
#......#...#.#


You could see Jessica.

Vanquished Creatures
  An adder (D:2)
  A worm (D:2)
  A dart slug (D:1)
  3 ball pythons
  An endoplasm (D:1)
  2 giant cockroaches
  4 goblins
  3 hobgoblins (D:1)
  A quokka (D:1)
  2 bats (D:2)
  4 frilled lizards (D:1)
  3 kobolds (D:1)
  4 rats (D:1)
30 creatures vanquished.

Notes
Turn   | Place    | Note
-------+----------+-------------------------------------------
     0 | D:1      | MisterFreud the Formicid Gladiator began the quest for the
                  | Orb.
     0 | D:1      | Reached XP level 1. HP: 16/16 MP: 1/1
   275 | D:1      | Reached XP level 2. HP: 19/22 MP: 2/2
   352 | D:1      | Found a faded altar of an unknown god.
  1021 | D:1      | Reached skill level 1 in Shields
  1190 | D:1      | Reached XP level 3. HP: 27/27 MP: 3/3
  1477 | D:1      | Identified a scroll of acquirement
  1477 | D:1      | Acquired the ring of Lih Nyix {rN++ rCorr Str-2}
  1762 | D:2      | Reached skill level 4 in Staves
  1895 | D:2      | Noticed Jessica
  1905 | D:2      | Killed from afar by Jessica

Illustrated notes

Levels and vault maps discovered:
D:1:      minmay_arrival_open_corners, layout_basic,
          shapermc_ecumenical_altar_notcrosses, serial_bayou_ford_a
D:2:      kb_forest_paths, layout_basic, uniq_jessica

Skill      XL: |  1  2  3 |
---------------+----------+-----
Shields        | 1 2 |  2.1
Staves         | 4 |  4.1
Fighting       | |  2.1
Throwing       | |  2.0
Dodging        | |  2.6

Action                   || total
-------------------------++-------
Melee: Quarterstaff      ||    84
  Use: Scroll            ||     2
 Stab: Sleeping          ||     1
Armor: Leather armour    ||    12
Dodge: Dodged            ||    48
Block: Buckler           ||    10
